Rocket vs Wolves
Created - May 24, 2022 at 23:10
Goals
|
Rocket |
0 |
1 |
1 |
2 |
Wolves |
1 |
1 |
5 |
7 |
|
Shots
|
Rocket |
8 |
7 |
5 |
20 |
Wolves |
9 |
18 |
14 |
41 |
|
1st period
1. Wolves , Jeffrey Foss 3 (Kyle Rau 69, Laurent Brossoit) at 13:39 (PP)
Penalties :
Viktor Loov (Lav) for Interference (Minor) at 3:41, Joe Morrow (Chi) for Roughing (Minor) at 10:42, Andrey Pedan (Lav) for Goalie Interference (Minor) at 13:04, Andrey Pedan (Lav) for Hooking (Minor) at 16:39
2nd period
2. Wolves , Kyle Rau 35 (Alexandre Grenier 57) at 9:10 (PP)
3. Rocket , Peter Holland 21 (Adam Fox 32, Danton Heinen 49) at 14:43
Penalties :
Alexandre Grenier (Chi) for Cross-checking (Minor) at 0:22, Corey Trivino (Lav) for Interference (Minor) at 4:24, Joe Morrow (Chi) for Hooking (Minor) at 6:00, Andrey Pedan (Lav) for Hooking (Minor) at 8:45
3rd period
4. Wolves , Anton Lindholm 3 (Jeff Petry 17) at 0:59
5. Rocket , Jiri Sekac 14 (Dominic Turgeon 14) at 7:43
6. Wolves , Kyle Rau 36 (Lawson Crouse 40, Alexandre Grenier 58) at 14:26
7. Wolves , Kyle Rau 37 (Alexandre Grenier 59) at 16:11
8. Wolves , Alexandre Grenier 48 (Joe Morrow 53, Kyle Rau 70) at 16:17
9. Wolves , Sebastian Aho 43 (Eric Robinson 14) at 19:15
Penalties :
Alexandre Grenier (Chi) for Holding (Minor) at 1:08, Kole Sherwood (Lav) for Holding (Minor) at 4:46
Goalie Stats
Igor Shesterkin (Lav), 34 saves from 41 shots - (0.829), L, 33-16-2, 60:00 minutes
Laurent Brossoit (Chi), 18 saves from 20 shots - (0.900), W, 32-9-6, 60:00 minutes
Players Stats for Rocket
Player Name G A P +/- PIM S H SB GA TA FO MP PP MP PK MP
------------------------------------------------------------------------------------
Adam Fox 0 1 1 0 0 4 0 3 2 0 0/0 26:23 4:22 2:10
Adrian Kempe 0 0 0 -1 0 0 0 0 1 0 0/1 17:21 3:25 1:08
Andrei Mironov 0 0 0 -1 0 0 0 2 0 2 0/0 15:33 0:27 0:09
Andrey Pedan 0 0 0 -1 6 0 2 0 0 0 0/0 21:04 2:44 2:59
Brandon Pirri 0 0 0 -1 0 4 1 0 0 0 1/1 19:09 4:08 0:00
Corey Trivino 0 0 0 -1 2 1 2 0 0 1 8/31 20:36 4:11 0:52
Danton Heinen 0 1 1 -1 0 2 2 0 1 0 0/1 15:53 3:23 0:00
Dean Kukan 0 0 0 -2 0 0 0 0 0 0 0/0 13:08 0:00 4:29
Dominic Turgeon 0 1 1 -1 0 0 0 1 0 0 7/15 15:03 0:00 4:48
Jakub Vrana 0 0 0 0 0 0 1 1 1 0 0/0 10:26 0:00 4:55
Jiri Sekac 1 0 1 -1 0 1 0 0 0 1 0/0 10:15 0:00 0:00
Kole Sherwood 0 0 0 -1 2 0 0 1 0 1 0/0 10:18 0:00 0:00
Luca Sbisa 0 0 0 -2 0 2 1 1 0 0 0/0 16:12 3:11 3:55
Mason Appleton 0 0 0 0 0 1 2 0 0 0 3/5 8:24 0:00 2:53
Mattias Tedenby 0 0 0 -1 0 2 1 0 1 1 2/3 19:20 3:59 0:00
Peter Holland 1 0 1 -1 0 1 0 0 1 0 4/9 15:33 3:22 0:00
Ty Rattie 0 0 0 0 0 1 0 0 1 0 0/0 8:15 0:11 2:30
Viktor Loov 0 0 0 0 2 1 2 2 0 0 0/0 28:05 4:22 3:24
Players Stats for Wolves
Player Name G A P +/- PIM S H SB GA TA FO MP PP MP PK MP
------------------------------------------------------------------------------------
Alexandre Grenier 1 3 4 2 4 6 1 1 0 1 1/4 21:16 4:47 1:44
Anton Lindholm 1 0 1 1 0 4 1 1 0 1 0/0 19:59 2:43 3:07
Antti Suomela 0 0 0 0 0 4 0 0 0 0 0/2 6:49 0:00 1:31
Dylan Coghlan 0 0 0 -1 0 1 0 0 0 0 0/0 5:06 0:00 0:00
Eric Robinson 0 1 1 1 0 1 0 0 0 0 1/2 18:13 3:40 1:43
Fredrik Olofsson 0 0 0 0 0 1 1 0 0 1 0/0 10:47 0:00 0:11
Jake Evans 0 0 0 0 0 1 2 1 1 0 2/2 10:50 0:00 0:14
Jakub Zboril 0 0 0 0 0 0 0 0 0 0 0/0 0:00 0:00 0:00
Jalen Chatfield 0 0 0 1 0 0 1 0 0 1 0/0 7:25 0:00 0:00
Jeff Petry 0 1 1 1 0 2 2 3 0 0 0/0 19:33 2:43 2:47
Jeffrey Foss 1 0 1 2 0 3 2 0 0 0 0/0 27:30 5:50 4:26
Joe Morrow 0 1 1 2 4 1 2 0 3 1 0/0 25:26 5:49 2:14
Kale Clague 0 0 0 -1 0 1 0 0 0 2 0/0 5:45 0:00 0:39
Kevin Stenlund 0 0 0 0 0 0 0 0 0 0 3/4 2:46 0:00 2:31
Kieffer Bellows 0 0 0 0 0 0 0 0 0 0 0/0 5:18 0:00 0:00
Kyle Rau 3 2 5 2 0 5 3 1 0 0 27/40 23:40 4:47 4:06
Lawson Crouse 0 1 1 2 0 0 2 0 0 0 1/2 20:13 4:35 1:33
Liam O'Brien 0 0 0 0 0 0 0 0 0 0 0/0 0:18 0:01 0:00
Matthew Highmore 0 0 0 0 0 0 0 0 0 0 0/0 0:49 0:18 0:00
Samuel Girard 0 0 0 1 0 1 0 2 0 0 0/0 9:24 0:00 1:53
Sebastian Aho 1 0 1 1 0 4 1 1 0 1 6/9 18:10 3:45 1:33
Thomas Spelling 0 0 0 0 0 3 0 0 1 0 0/1 10:54 0:01 0:00
Victor Olofsson 0 0 0 1 0 3 0 0 1 0 0/0 16:31 3:45 0:00
Wade Allison 0 0 0 0 0 0 0 0 0 0 0/0 5:18 0:00 0:00
Zachary Senyshyn 0 0 0 0 0 0 0 0 0 0 0/0 0:00 0:00 0:00
3 Stars
1 - Kyle Rau (Chi)
2 - Alexandre Grenier (Chi)
3 - Jeffrey Foss (Chi)
Power Play
Rocket - 0 on 4 Attempt(s) - 0.00%
Wolves - 2 on 6 Attempt(s) - 33.33%
Penalty Kill
Rocket - 4 on 6 Attempt(s) - 66.67%
- Score 0 goal in Penalty Kill
Wolves - 4 on 4 Attempt(s) - 100.00%
- Score 0 goal in Penalty Kill
Team Stat
Rocket - Hits : 14 - Faceoff Wins : 25 - Blocked Shots : 11 - Penalty Minutes : 12
Wolves - Hits : 18 - Faceoff Wins : 41 - Blocked Shots : 10 - Penalty Minutes : 8
Official
Referees : TJ Luxmore and Marc Joannette
Linesman : Scott Cherrey and Kory Nagy
Game Notes
Kyle Rau has scored a Hat Trick!
Finance
Level 1 -- Attendance: 1869 (93.45%) -- Ticket Income $65,415
Level 2 -- Attendance: 899 (89.90%) -- Ticket Income $13,485
Total Attendance: 2768 (92.27%)
Total Ticket Income: $78,900
Other Income: $3,945
Total Income: $82,845
Rocket
5 vs 5 Forward
Center Left Wing Right Wing Time % Phy DF OF
1 Corey Trivino Brandon Pirri Mattias Tedenby 40 1 2 2
2 Peter Holland Adrian Kempe Danton Heinen 30 1 2 2
3 Dominic Turgeon Jiri Sekac Kole Sherwood 20 1 2 2
4 Mason Appleton Jakub Vrana Ty Rattie 10 1 2 2
5 vs 5 Defense
Defense Defense Time % Phy DF OF
1 Viktor Loov Adam Fox 40 1 2 2
2 Andrey Pedan Andrei Mironov 30 1 2 2
3 Dean Kukan Luca Sbisa 20 1 2 2
4 Viktor Loov Adam Fox 10 1 2 2
PowerPlay Forward
Center Left Wing Right Wing Time % Phy DF OF
1 Corey Trivino Brandon Pirri Mattias Tedenby 60 0 1 4
2 Peter Holland Adrian Kempe Danton Heinen 40 0 1 4
PowerPlay Defense
Defense Defense Time % Phy DF OF
1 Viktor Loov Adam Fox 60 0 1 4
2 Andrey Pedan Luca Sbisa 40 0 1 4
Penalty Kill 4 Players Forward
Center Wing Time % Phy DF OF
1 Dominic Turgeon Jakub Vrana 60 0 4 1
2 Mason Appleton Ty Rattie 40 0 4 1
Penalty Kill 4 Players Defense
Defense Defense Time % Phy DF OF
1 Viktor Loov Dean Kukan 60 0 5 0
2 Andrey Pedan Luca Sbisa 40 0 5 0
Penalty Kill - 3 Players Forward
Forward Time % Phy DF OF
1 Dominic Turgeon 60 0 5 0
2 Corey Trivino 40 0 5 0
Penalty Kill - 3 Players Defense
Defense Defense Time % Phy DF OF
1 Luca Sbisa Andrey Pedan 60 0 5 0
2 Andrei Mironov Viktor Loov 40 0 5 0
4 vs 4 Forward
Center Wing Time % Phy DF OF
1 Mattias Tedenby Corey Trivino 60 0 2 3
2 Brandon Pirri Adrian Kempe 40 0 2 3
4 vs 4 Defense
Defense Defense Time % Phy DF OF
1 Viktor Loov Adam Fox 60 0 2 3
2 Andrey Pedan Luca Sbisa 40 0 2 3
Last Minutes Offensive
Center Left Wing Right Wing Defense Defense
Corey Trivino Brandon Pirri Mattias Tedenby Viktor Loov Adam Fox
Last Minutes Defensive
Center Left Wing Right Wing Defense Defense
Corey Trivino Brandon Pirri Mattias Tedenby Luca Sbisa Dean Kukan
Goaltenders
Starting : Igor Shesterkin
Backup : Sami Aittokallio
Extra Forwards
Normal : Danton Heinen, Adrian Kempe, Mattias Tedenby - PP : Mattias Tedenby, Danton Heinen - PK : Dominic Turgeon
Extra Defensemen
Normal : Andrei Mironov, Adam Fox, Andrey Pedan - PP : Andrei Mironov - PK : Adam Fox, Andrey Pedan
Penalty Shots
Mattias Tedenby, Corey Trivino, Brandon Pirri, Adrian Kempe, Danton Heinen
Scratches
Branden Troock (Healthy), Daniel Sprong (Healthy), Dylan DeMelo (Healthy), Guillaume Brisebois (Healthy), Jack Glover (Bruised Right Foot Injury)
Ryan Collins (Healthy), Sergey Tolchinsky (Healthy), Tyler Lewington (Healthy), Karson Kuhlman (Healthy), Luke Kunin (Healthy)
Mikhail Maltsev (Healthy)
Wolves
5 vs 5 Forward
Center Left Wing Right Wing Time % Phy DF OF
1 Kyle Rau Lawson Crouse Alexandre Grenier 40 1 2 2
2 Sebastian Aho Eric Robinson Victor Olofsson 30 1 2 2
3 Jake Evans Fredrik Olofsson Thomas Spelling 20 1 2 2
4 Antti Suomela Kieffer Bellows Wade Allison 10 1 2 2
5 vs 5 Defense
Defense Defense Time % Phy DF OF
1 Jeffrey Foss Joe Morrow 40 1 2 2
2 Anton Lindholm Jeff Petry 30 1 2 2
3 Jalen Chatfield Samuel Girard 20 1 2 2
4 Kale Clague Dylan Coghlan 10 1 2 2
PowerPlay Forward
Center Left Wing Right Wing Time % Phy DF OF
1 Kyle Rau Lawson Crouse Alexandre Grenier 60 1 2 2
2 Sebastian Aho Eric Robinson Victor Olofsson 40 1 2 2
PowerPlay Defense
Defense Defense Time % Phy DF OF
1 Jeffrey Foss Joe Morrow 60 1 2 2
2 Anton Lindholm Jeff Petry 40 1 2 2
Penalty Kill 4 Players Forward
Center Wing Time % Phy DF OF
1 Alexandre Grenier Kyle Rau 60 1 2 2
2 Sebastian Aho Lawson Crouse 40 1 2 2
Penalty Kill 4 Players Defense
Defense Defense Time % Phy DF OF
1 Jeffrey Foss Joe Morrow 60 1 2 2
2 Anton Lindholm Jeff Petry 40 1 2 2
Penalty Kill - 3 Players Forward
Forward Time % Phy DF OF
1 Alexandre Grenier 60 1 2 2
2 Kyle Rau 40 1 2 2
Penalty Kill - 3 Players Defense
Defense Defense Time % Phy DF OF
1 Jeffrey Foss Joe Morrow 60 1 2 2
2 Anton Lindholm Jeff Petry 40 1 2 2
4 vs 4 Forward
Center Wing Time % Phy DF OF
1 Alexandre Grenier Kyle Rau 60 1 2 2
2 Sebastian Aho Lawson Crouse 40 1 2 2
4 vs 4 Defense
Defense Defense Time % Phy DF OF
1 Jeffrey Foss Joe Morrow 60 1 2 2
2 Anton Lindholm Jeff Petry 40 1 2 2
Last Minutes Offensive
Center Left Wing Right Wing Defense Defense
Kyle Rau Lawson Crouse Alexandre Grenier Jeffrey Foss Joe Morrow
Last Minutes Defensive
Center Left Wing Right Wing Defense Defense
Kyle Rau Lawson Crouse Alexandre Grenier Jeffrey Foss Joe Morrow
Goaltenders
Starting : Laurent Brossoit
Backup : Ebbe Siönäs
Extra Forwards
Normal : Matthew Highmore, Liam O'Brien, Kevin Stenlund - PP : Matthew Highmore, Liam O'Brien - PK : Kevin Stenlund
Extra Defensemen
Normal : Jalen Chatfield, Samuel Girard, Kale Clague - PP : Jalen Chatfield - PK : Samuel Girard, Kale Clague
Penalty Shots
Alexandre Grenier, Kyle Rau, Sebastian Aho, Lawson Crouse, Victor Olofsson
Scratches
Joona Koppanen (Healthy), Sergei Kostenko (Healthy)
% Time on Ice - Rocket
Lines # - Real PCT - Wanted PCT - Time Play
Normal Forward
1 - 36% - 40% - 15:34
2 - 28% - 30% - 12:11
3 - 24% - 20% - 10:15
4 - 13% - 10% - 5:31
Normal Defense
1 - 44% - 40% - 19:16
2 - 34% - 30% - 14:55
3 - 20% - 20% - 8:39
4 - 2% - 10% - 0:41
PP Forward
1 - 55% - 60% - 4:11
2 - 45% - 40% - 3:22
PP Defense
1 - 58% - 60% - 4:22
2 - 42% - 40% - 3:11
PK Forward
1 - 71% - 60% - 6:03
2 - 29% - 40% - 2:30
PK Defense
1 - 54% - 60% - 4:38
2 - 46% - 40% - 3:55
PK3 Forward
1 - 0% - 60%
2 - 0% - 40%
PK3 Defense
1 - 0% - 60%
2 - 0% - 40%
44 Forward
1 - 100% - 60% - 0:23
2 - 0% - 40% - 0:00
44 Defense
1 - 100% - 60% - 0:23
2 - 0% - 40% - 0:00
Last Minute Offensive - 0:00
Last Minute Defensive - 0:00
Total
Forward - 60:00
Defense - 60:00
|
% Time on Ice - Wolves
Lines # - Real PCT - Wanted PCT - Time Play
Normal Forward
1 - 34% - 40% - 14:45
2 - 30% - 30% - 12:52
3 - 24% - 20% - 10:36
4 - 12% - 10% - 5:18
Normal Defense
1 - 40% - 40% - 17:20
2 - 31% - 30% - 13:40
3 - 17% - 20% - 7:25
4 - 12% - 10% - 5:06
PP Forward
1 - 56% - 60% - 4:48
2 - 44% - 40% - 3:45
PP Defense
1 - 68% - 60% - 5:50
2 - 32% - 40% - 2:43
PK Forward
1 - 79% - 60% - 6:00
2 - 21% - 40% - 1:33
PK Defense
1 - 63% - 60% - 4:46
2 - 37% - 40% - 2:47
PK3 Forward
1 - 0% - 60%
2 - 0% - 40%
PK3 Defense
1 - 0% - 60%
2 - 0% - 40%
44 Forward
1 - 100% - 60% - 0:23
2 - 0% - 40% - 0:00
44 Defense
1 - 0% - 60% - 0:00
2 - 100% - 40% - 0:23
Last Minute Offensive - 0:00
Last Minute Defensive - 0:00
Total
Forward - 60:00
Defense - 60:00
|
Play-by-Play
1st period
0:01 of 1st period - Kyle Rau wins face-off versus Corey Trivino in neutral zone.
0:59 of 1st period - Wrist shot by Jiri Sekac.
0:59 of 1st period - Shot Misses the Net.
1:37 of 1st period - Wrist shot by Kyle Rau.
1:37 of 1st period - Stopped by Igor Shesterkin without a rebound.
1:38 of 1st period - Sebastian Aho wins face-off versus Danton Heinen in Rocket zone.
1:39 of 1st period - Slapshot by Eric Robinson.
1:39 of 1st period - Shot Misses the Net.
1:41 of 1st period - Snap shot by Samuel Girard.
1:41 of 1st period - Shot Misses the Net.
1:43 of 1st period - Slapshot by Sebastian Aho.
1:43 of 1st period - Shot Misses the Net.
1:45 of 1st period - Slapshot by Samuel Girard.
1:45 of 1st period - Stopped by Igor Shesterkin with a rebound.
1:47 of 1st period - Snap shot by Samuel Girard.
1:47 of 1st period - Shot Blocked by Adam Fox.
1:49 of 1st period - Wrist shot by Sebastian Aho.
1:49 of 1st period - Stopped by Igor Shesterkin with a rebound.
1:51 of 1st period - Snap shot by Victor Olofsson.
1:51 of 1st period - Stopped by Igor Shesterkin without a rebound.
1:52 of 1st period - Corey Trivino wins face-off versus Kyle Rau in Rocket zone.
1:59 of 1st period - Kyle Rau is hit by Corey Trivino and loses puck.
2:17 of 1st period - Luca Sbisa is hit by Fredrik Olofsson and loses puck.
2:37 of 1st period - Icing by Dean Kukan.
2:38 of 1st period - Sebastian Aho wins face-off versus Mason Appleton in Rocket zone.
2:41 of 1st period - Wrist shot by Victor Olofsson.
2:41 of 1st period - Shot Misses the Net.
3:09 of 1st period - Wrist shot by Corey Trivino.
3:09 of 1st period - Shot Blocked by Kyle Rau.
3:11 of 1st period - Backhand shot by Luca Sbisa.
3:11 of 1st period - Stopped by Laurent Brossoit with a rebound.
3:13 of 1st period - Slapshot by Luca Sbisa.
3:13 of 1st period - Stopped by Laurent Brossoit without a rebound.
3:14 of 1st period - Peter Holland wins face-off versus Eric Robinson in Wolves zone.
3:21 of 1st period - Snap shot by Danton Heinen.
3:21 of 1st period - Shot Misses the Net.
3:23 of 1st period - Snap shot by Adam Fox.
3:23 of 1st period - Stopped by Laurent Brossoit with a rebound.
3:25 of 1st period - Slapshot by Viktor Loov.
3:25 of 1st period - Shot Blocked by Jeff Petry.
3:27 of 1st period - Wrist shot by Adrian Kempe.
3:27 of 1st period - Shot Blocked by Sebastian Aho.
3:29 of 1st period - Slapshot by Adam Fox.
3:29 of 1st period - Deflect By Adrian Kempe.
3:29 of 1st period - Shot Misses the Net.
3:29 of 1st period - Puck is out of play.
3:30 of 1st period - Kyle Rau wins face-off versus Corey Trivino in Wolves zone.
3:30 of 1st period - Kyle Rau is hit by Viktor Loov.
3:41 of 1st period - Minor Penalty to Viktor Loov for Interference.
3:42 of 1st period - Kyle Rau wins face-off versus Dominic Turgeon in Rocket zone.
5:03 of 1st period - Kyle Rau is hit by Mason Appleton and loses puck.
5:10 of 1st period - Dean Kukan is hit by Lawson Crouse and loses puck.
5:41 of 1st period - Penalty to Viktor Loov is over, Viktor Loov is back on ice.
6:09 of 1st period - Slapshot by Antti Suomela.
6:09 of 1st period - Stopped by Igor Shesterkin without a rebound.
6:10 of 1st period - Jake Evans wins face-off versus Dominic Turgeon in Rocket zone.
6:44 of 1st period - Snap shot by Mason Appleton.
6:44 of 1st period - Stopped by Laurent Brossoit with a rebound.
6:58 of 1st period - Adrian Kempe is hit by Jalen Chatfield and loses puck.
7:45 of 1st period - Andrei Mironov is hit by Kyle Rau and loses puck.
8:04 of 1st period - Joe Morrow is hit by Danton Heinen and loses puck.
8:09 of 1st period - Wrist shot by Danton Heinen.
8:09 of 1st period - Shot Misses the Net.
8:52 of 1st period - Snap shot by Alexandre Grenier.
8:52 of 1st period - Shot Misses the Net.
10:23 of 1st period - Icing by Wade Allison.
10:24 of 1st period - Sebastian Aho wins face-off versus Dominic Turgeon in Wolves zone.
10:33 of 1st period - Wrist shot by Victor Olofsson.
10:33 of 1st period - Shot Blocked by Viktor Loov.
10:35 of 1st period - Slapshot by Kale Clague.
10:35 of 1st period - Deflect By Sebastian Aho.
10:35 of 1st period - Shot Misses the Net.
10:35 of 1st period - Puck is out of play.
10:36 of 1st period - Kyle Rau wins face-off versus Peter Holland in Rocket zone.
10:42 of 1st period - Minor Penalty to Joe Morrow for Roughing.
10:43 of 1st period - Brandon Pirri wins face-off versus Alexandre Grenier in Wolves zone.
10:47 of 1st period - Wrist shot by Brandon Pirri.
10:47 of 1st period - Stopped by Laurent Brossoit without a rebound.
10:48 of 1st period - Alexandre Grenier wins face-off versus Corey Trivino in Wolves zone.
10:59 of 1st period - Slapshot by Mattias Tedenby.
10:59 of 1st period - Shot Blocked by Samuel Girard.
11:01 of 1st period - Slapshot by Adam Fox.
11:01 of 1st period - Stopped by Laurent Brossoit with a rebound.
12:04 of 1st period - Corey Trivino is hit by Jeffrey Foss and loses puck.
12:42 of 1st period - Penalty to Joe Morrow is over, Joe Morrow is back on ice.
12:53 of 1st period - Snap shot by Thomas Spelling.
12:53 of 1st period - Shot Misses the Net.
12:55 of 1st period - Slapshot by Dylan Coghlan.
12:55 of 1st period - Stopped by Igor Shesterkin with a rebound.
12:57 of 1st period - Slapshot by Kale Clague.
12:57 of 1st period - Stopped by Igor Shesterkin with a rebound.
13:04 of 1st period - Minor Penalty to Andrey Pedan for Goalie Interference.
13:05 of 1st period - Dominic Turgeon wins face-off versus Sebastian Aho in Rocket zone.
13:39 of 1st period - Slapshot by Jeffrey Foss.
13:39 of 1st period - Goal by Jeffrey Foss - Rocket : 0 - Wolves : 1.
13:40 of 1st period - Kyle Rau wins face-off versus Corey Trivino in neutral zone.
14:12 of 1st period - Snap shot by Sebastian Aho.
14:12 of 1st period - Shot Hit the Post.
14:28 of 1st period - Andrei Mironov is hit by Jeff Petry.
14:35 of 1st period - Off-side.
14:36 of 1st period - Corey Trivino wins face-off versus Lawson Crouse in neutral zone.
15:05 of 1st period - Wrist shot by Danton Heinen.
15:05 of 1st period - Shot Misses the Net.
15:46 of 1st period - Snap shot by Corey Trivino.
15:46 of 1st period - Stopped by Laurent Brossoit with a rebound.
15:48 of 1st period - Wrist shot by Brandon Pirri.
15:48 of 1st period - Stopped by Laurent Brossoit with a rebound.
16:10 of 1st period - Snap shot by Alexandre Grenier.
16:10 of 1st period - Stopped by Igor Shesterkin with a rebound.
16:39 of 1st period - Minor Penalty to Andrey Pedan for Hooking.
16:40 of 1st period - Dominic Turgeon wins face-off versus Kyle Rau in Rocket zone.
16:40 of 1st period - Dominic Turgeon is hit by Kyle Rau.
17:22 of 1st period - Slapshot by Joe Morrow.
17:22 of 1st period - Shot Blocked by Luca Sbisa.
17:53 of 1st period - Kyle Rau is hit by Luca Sbisa and loses puck.
18:39 of 1st period - Penalty to Andrey Pedan is over, Andrey Pedan is back on ice.
19:42 of 1st period - Alexandre Grenier is hit by Mason Appleton and loses puck.
Goals for this period are 0 for Rocket vs 1 for Wolves.
Shots for this period are 8 for Rocket vs 9 for Wolves.
2nd period
0:01 of 2nd period - Kyle Rau wins face-off versus Corey Trivino in neutral zone.
0:22 of 2nd period - Minor Penalty to Alexandre Grenier for Cross-checking.
0:23 of 2nd period - Corey Trivino wins face-off versus Kevin Stenlund in Wolves zone.
0:36 of 2nd period - Wrist shot by Mattias Tedenby.
0:36 of 2nd period - Shot Misses the Net.
0:38 of 2nd period - Wrist shot by Corey Trivino.
0:38 of 2nd period - Deflect By Brandon Pirri.
0:38 of 2nd period - Stopped by Laurent Brossoit without a rebound.
0:39 of 2nd period - Kevin Stenlund wins face-off versus Corey Trivino in Wolves zone.
0:52 of 2nd period - Slapshot by Mattias Tedenby.
0:52 of 2nd period - Shot Misses the Net.
0:54 of 2nd period - Slapshot by Viktor Loov.
0:54 of 2nd period - Stopped by Laurent Brossoit with a rebound.
1:54 of 2nd period - Icing by Adrian Kempe.
1:55 of 2nd period - Kevin Stenlund wins face-off versus Peter Holland in Rocket zone.
2:22 of 2nd period - Penalty to Alexandre Grenier is over, Alexandre Grenier is back on ice.
2:26 of 2nd period - Slapshot by Alexandre Grenier.
2:26 of 2nd period - Shot Blocked by Dominic Turgeon.
2:28 of 2nd period - Wrist shot by Jeff Petry.
2:28 of 2nd period - Stopped by Igor Shesterkin with a rebound.
2:30 of 2nd period - Snap shot by Kevin Stenlund.
2:30 of 2nd period - Shot Blocked by Adam Fox.
2:32 of 2nd period - Slapshot by Anton Lindholm.
2:32 of 2nd period - Stopped by Igor Shesterkin without a rebound.
2:33 of 2nd period - Sebastian Aho wins face-off versus Dominic Turgeon in Rocket zone.
2:34 of 2nd period - Slapshot by Joe Morrow.
2:34 of 2nd period - Shot Blocked by Adam Fox.
2:37 of 2nd period - Icing by Adam Fox.
2:38 of 2nd period - Dominic Turgeon wins face-off versus Sebastian Aho in Rocket zone.
3:02 of 2nd period - Off-side.
3:03 of 2nd period - Kyle Rau wins face-off versus Corey Trivino in neutral zone.
4:18 of 2nd period - Wrist shot by Antti Suomela.
4:18 of 2nd period - Stopped by Igor Shesterkin with a rebound.
4:24 of 2nd period - Minor Penalty to Corey Trivino for Interference.
4:25 of 2nd period - Dominic Turgeon wins face-off versus Kyle Rau in Rocket zone.
6:00 of 2nd period - Minor Penalty to Joe Morrow for Hooking.
6:01 of 2nd period - Mattias Tedenby wins face-off versus Alexandre Grenier in Wolves zone.
6:14 of 2nd period - Wrist shot by Danton Heinen.
6:14 of 2nd period - Stopped by Laurent Brossoit with a rebound.
6:16 of 2nd period - Snap shot by Mattias Tedenby.
6:16 of 2nd period - Stopped by Laurent Brossoit with a rebound.
6:24 of 2nd period - Penalty to Corey Trivino is over, Corey Trivino is back on ice.
7:30 of 2nd period - Samuel Girard is hit by Andrey Pedan and loses puck.
8:00 of 2nd period - Penalty to Joe Morrow is over, Joe Morrow is back on ice.
8:09 of 2nd period - Slapshot by Thomas Spelling.
8:09 of 2nd period - Shot Misses the Net.
8:11 of 2nd period - Slapshot by Kale Clague.
8:11 of 2nd period - Shot Misses the Net.
8:13 of 2nd period - Wrist shot by Thomas Spelling.
8:13 of 2nd period - Shot Misses the Net.
8:15 of 2nd period - Snap shot by Thomas Spelling.
8:15 of 2nd period - Shot Blocked by Kole Sherwood.
8:17 of 2nd period - Snap shot by Thomas Spelling.
8:17 of 2nd period - Deflect By Viktor Loov.
8:17 of 2nd period - Shot Misses the Net.
8:17 of 2nd period - Puck is out of play.
8:18 of 2nd period - Mason Appleton wins face-off versus Sebastian Aho in Rocket zone.
8:21 of 2nd period - Wrist shot by Eric Robinson.
8:21 of 2nd period - Shot Misses the Net.
8:23 of 2nd period - Snap shot by Sebastian Aho.
8:23 of 2nd period - Shot Misses the Net.
8:25 of 2nd period - Wrist shot by Eric Robinson.
8:25 of 2nd period - Stopped by Igor Shesterkin with a rebound.
8:27 of 2nd period - Slapshot by Victor Olofsson.
8:27 of 2nd period - Shot Blocked by Andrei Mironov.
8:33 of 2nd period - Snap shot by Sebastian Aho.
8:33 of 2nd period - Shot Blocked by Jakub Vrana.
8:43 of 2nd period - Snap shot by Thomas Spelling.
8:43 of 2nd period - Stopped by Igor Shesterkin with a rebound.
8:45 of 2nd period - Minor Penalty to Andrey Pedan for Hooking.
8:46 of 2nd period - Dominic Turgeon wins face-off versus Kyle Rau in Rocket zone.
8:55 of 2nd period - Slapshot by Jeffrey Foss.
8:55 of 2nd period - Stopped by Igor Shesterkin without a rebound.
8:56 of 2nd period - Kyle Rau wins face-off versus Dominic Turgeon in Rocket zone.
8:57 of 2nd period - Snap shot by Alexandre Grenier.
8:57 of 2nd period - Stopped by Igor Shesterkin without a rebound.
8:58 of 2nd period - Dominic Turgeon wins face-off versus Kyle Rau in Rocket zone.
8:58 of 2nd period - Dominic Turgeon is hit by Alexandre Grenier.
9:10 of 2nd period - Wrist shot by Kyle Rau.
9:10 of 2nd period - Goal by Kyle Rau - Rocket : 0 - Wolves : 2.
9:11 of 2nd period - Kyle Rau wins face-off versus Corey Trivino in neutral zone.
9:17 of 2nd period - Icing by Mattias Tedenby.
9:18 of 2nd period - Kyle Rau wins face-off versus Corey Trivino in Rocket zone.
9:29 of 2nd period - Snap shot by Mattias Tedenby.
9:29 of 2nd period - Stopped by Laurent Brossoit without a rebound.
9:30 of 2nd period - Mattias Tedenby wins face-off versus Kyle Rau in Wolves zone.
9:31 of 2nd period - Wrist shot by Brandon Pirri.
9:31 of 2nd period - Deflect By Mattias Tedenby.
9:31 of 2nd period - Shot Blocked by Alexandre Grenier.
9:31 of 2nd period - Puck is out of play.
9:32 of 2nd period - Kyle Rau wins face-off versus Mattias Tedenby in Wolves zone.
10:32 of 2nd period - Slapshot by Dominic Turgeon.
10:32 of 2nd period - Deflect By Jiri Sekac.
10:32 of 2nd period - Shot Misses the Net.
10:32 of 2nd period - Puck is out of play.
10:33 of 2nd period - Corey Trivino wins face-off versus Alexandre Grenier in Wolves zone.
10:58 of 2nd period - Eric Robinson is hit by Andrey Pedan and loses puck.
11:27 of 2nd period - Snap shot by Jake Evans.
11:27 of 2nd period - Deflect By Thomas Spelling.
11:27 of 2nd period - Stopped by Igor Shesterkin without a rebound.
11:28 of 2nd period - Kyle Rau wins face-off versus Corey Trivino in Rocket zone.
11:35 of 2nd period - Snap shot by Alexandre Grenier.
11:35 of 2nd period - Shot Misses the Net.
12:06 of 2nd period - Slapshot by Adam Fox.
12:06 of 2nd period - Stopped by Laurent Brossoit with a rebound.
12:42 of 2nd period - Snap shot by Kyle Rau.
12:42 of 2nd period - Shot Misses the Net.
12:52 of 2nd period - Snap shot by Antti Suomela.
12:52 of 2nd period - Stopped by Igor Shesterkin without a rebound.
12:53 of 2nd period - Mason Appleton wins face-off versus Antti Suomela in Rocket zone.
13:18 of 2nd period - Luca Sbisa is hit by Joe Morrow and loses puck.
13:41 of 2nd period - Wrist shot by Victor Olofsson.
13:41 of 2nd period - Shot Misses the Net.
14:27 of 2nd period - Wrist shot by Kyle Rau.
14:27 of 2nd period - Stopped by Igor Shesterkin without a rebound.
14:28 of 2nd period - Peter Holland wins face-off versus Kyle Rau in Rocket zone.
14:39 of 2nd period - Wrist shot by Danton Heinen.
14:39 of 2nd period - Shot Misses the Net.
14:41 of 2nd period - Slapshot by Adam Fox.
14:41 of 2nd period - Shot Misses the Net.
14:43 of 2nd period - Snap shot by Peter Holland.
14:43 of 2nd period - Goal by Peter Holland - Rocket : 1 - Wolves : 2.
14:44 of 2nd period - Kyle Rau wins face-off versus Corey Trivino in neutral zone.
14:47 of 2nd period - Corey Trivino is hit by Jeff Petry and loses puck.
14:56 of 2nd period - Snap shot by Mattias Tedenby.
14:56 of 2nd period - Shot Misses the Net.
15:33 of 2nd period - Dean Kukan is hit by Jake Evans and loses puck.
15:38 of 2nd period - Wrist shot by Thomas Spelling.
15:38 of 2nd period - Stopped by Igor Shesterkin without a rebound.
15:39 of 2nd period - Kyle Rau wins face-off versus Corey Trivino in Rocket zone.
15:40 of 2nd period - Snap shot by Alexandre Grenier.
15:40 of 2nd period - Stopped by Igor Shesterkin without a rebound.
15:41 of 2nd period - Kyle Rau wins face-off versus Corey Trivino in Rocket zone.
15:44 of 2nd period - Wrist shot by Alexandre Grenier.
15:44 of 2nd period - Stopped by Igor Shesterkin without a rebound.
15:45 of 2nd period - Corey Trivino wins face-off versus Kyle Rau in Rocket zone.
15:50 of 2nd period - Kale Clague is hit by Corey Trivino and loses puck.
16:28 of 2nd period - Kole Sherwood is hit by Jake Evans and loses puck.
16:37 of 2nd period - Slapshot by Joe Morrow.
16:37 of 2nd period - Stopped by Igor Shesterkin with a rebound.
16:39 of 2nd period - Wrist shot by Jake Evans.
16:39 of 2nd period - Stopped by Igor Shesterkin with a rebound.
17:29 of 2nd period - Jeff Petry is hit by Danton Heinen and loses puck.
18:11 of 2nd period - Antti Suomela is hit by Mattias Tedenby and loses puck.
18:24 of 2nd period - Wrist shot by Antti Suomela.
18:24 of 2nd period - Stopped by Igor Shesterkin with a rebound.
18:36 of 2nd period - Wrist shot by Victor Olofsson.
18:36 of 2nd period - Stopped by Igor Shesterkin without a rebound.
18:37 of 2nd period - Eric Robinson wins face-off versus Mason Appleton in Rocket zone.
18:40 of 2nd period - Snap shot by Eric Robinson.
18:40 of 2nd period - Shot Misses the Net.
18:52 of 2nd period - Slapshot by Luca Sbisa.
18:52 of 2nd period - Shot Blocked by Samuel Girard.
Goals for this period are 1 for Rocket vs 1 for Wolves.
Shots for this period are 7 for Rocket vs 18 for Wolves.
3rd period
0:01 of 3rd period - Kyle Rau wins face-off versus Corey Trivino in neutral zone.
0:28 of 3rd period - Snap shot by Adam Fox.
0:28 of 3rd period - Stopped by Laurent Brossoit without a rebound.
0:29 of 3rd period - Sebastian Aho wins face-off versus Peter Holland in Wolves zone.
0:57 of 3rd period - Snap shot by Jeff Petry.
0:57 of 3rd period - Stopped by Igor Shesterkin with a rebound.
0:59 of 3rd period - Slapshot by Anton Lindholm.
0:59 of 3rd period - Goal by Anton Lindholm - Rocket : 1 - Wolves : 3.
1:00 of 3rd period - Kyle Rau wins face-off versus Corey Trivino in neutral zone.
1:08 of 3rd period - Minor Penalty to Alexandre Grenier for Holding.
1:09 of 3rd period - Kevin Stenlund wins face-off versus Corey Trivino in Wolves zone.
3:08 of 3rd period - Penalty to Alexandre Grenier is over, Alexandre Grenier is back on ice.
4:46 of 3rd period - Minor Penalty to Kole Sherwood for Holding.
4:47 of 3rd period - Kyle Rau wins face-off versus Dominic Turgeon in Rocket zone.
4:50 of 3rd period - Snap shot by Kyle Rau.
4:50 of 3rd period - Shot Misses the Net.
5:12 of 3rd period - Slapshot by Sebastian Aho.
5:12 of 3rd period - Stopped by Igor Shesterkin with a rebound.
5:22 of 3rd period - Wrist shot by Ty Rattie.
5:22 of 3rd period - Shot Blocked by Jeff Petry.
5:32 of 3rd period - Wrist shot by Ty Rattie.
5:32 of 3rd period - Stopped by Laurent Brossoit without a rebound.
5:33 of 3rd period - Kyle Rau wins face-off versus Dominic Turgeon in Wolves zone.
5:33 of 3rd period - Kyle Rau is hit by Jakub Vrana.
6:46 of 3rd period - Penalty to Kole Sherwood is over, Kole Sherwood is back on ice.
7:43 of 3rd period - Slapshot by Jiri Sekac.
7:43 of 3rd period - Goal by Jiri Sekac - Rocket : 2 - Wolves : 3.
7:44 of 3rd period - Corey Trivino wins face-off versus Kyle Rau in neutral zone.
8:29 of 3rd period - Wrist shot by Jiri Sekac.
8:29 of 3rd period - Shot Misses the Net.
9:05 of 3rd period - Icing by Jakub Vrana.
9:06 of 3rd period - Mason Appleton wins face-off versus Antti Suomela in Rocket zone.
9:40 of 3rd period - Andrey Pedan is hit by Joe Morrow and loses puck.
10:43 of 3rd period - Backhand shot by Luca Sbisa.
10:43 of 3rd period - Deflect By Corey Trivino.
10:43 of 3rd period - Shot Misses the Net.
10:43 of 3rd period - Puck is out of play.
10:44 of 3rd period - Corey Trivino wins face-off versus Kyle Rau in Wolves zone.
10:59 of 3rd period - Icing by Jeffrey Foss.
11:00 of 3rd period - Peter Holland wins face-off versus Kyle Rau in Wolves zone.
11:05 of 3rd period - Slapshot by Danton Heinen.
11:05 of 3rd period - Stopped by Laurent Brossoit without a rebound.
11:06 of 3rd period - Kyle Rau wins face-off versus Peter Holland in Wolves zone.
11:41 of 3rd period - Backhand shot by Jeffrey Foss.
11:41 of 3rd period - Shot Misses the Net.
12:10 of 3rd period - Anton Lindholm is hit by Brandon Pirri and loses puck.
12:45 of 3rd period - Snap shot by Thomas Spelling.
12:45 of 3rd period - Shot Misses the Net.
12:59 of 3rd period - Snap shot by Danton Heinen.
12:59 of 3rd period - Shot Misses the Net.
13:11 of 3rd period - Wrist shot by Jake Evans.
13:11 of 3rd period - Deflect By Fredrik Olofsson.
13:11 of 3rd period - Stopped by Igor Shesterkin without a rebound.
13:12 of 3rd period - Lawson Crouse wins face-off versus Corey Trivino in Rocket zone.
13:19 of 3rd period - Snap shot by Alexandre Grenier.
13:19 of 3rd period - Stopped by Igor Shesterkin without a rebound.
13:20 of 3rd period - Kyle Rau wins face-off versus Corey Trivino in Rocket zone.
13:50 of 3rd period - Icing by Victor Olofsson.
13:51 of 3rd period - Sebastian Aho wins face-off versus Corey Trivino in Wolves zone.
14:11 of 3rd period - Wrist shot by Victor Olofsson.
14:11 of 3rd period - Stopped by Igor Shesterkin with a rebound.
14:13 of 3rd period - Wrist shot by Sebastian Aho.
14:13 of 3rd period - Stopped by Igor Shesterkin with a rebound.
14:15 of 3rd period - Slapshot by Jeffrey Foss.
14:15 of 3rd period - Stopped by Igor Shesterkin without a rebound.
14:16 of 3rd period - Peter Holland wins face-off versus Kyle Rau in Rocket zone.
14:16 of 3rd period - Peter Holland is hit by Lawson Crouse.
14:24 of 3rd period - Slapshot by Lawson Crouse.
14:24 of 3rd period - Shot Blocked by Andrei Mironov.
14:26 of 3rd period - Wrist shot by Kyle Rau.
14:26 of 3rd period - Goal by Kyle Rau - Rocket : 2 - Wolves : 4.
14:27 of 3rd period - Kyle Rau wins face-off versus Corey Trivino in neutral zone.
14:32 of 3rd period - Wrist shot by Alexandre Grenier.
14:32 of 3rd period - Shot Misses the Net.
15:18 of 3rd period - Snap shot by Anton Lindholm.
15:18 of 3rd period - Stopped by Igor Shesterkin without a rebound.
15:19 of 3rd period - Dominic Turgeon wins face-off versus Thomas Spelling in Rocket zone.
15:29 of 3rd period - Icing by Jeff Petry.
15:30 of 3rd period - Jake Evans wins face-off versus Corey Trivino in Wolves zone.
15:37 of 3rd period - Slapshot by Adam Fox.
15:37 of 3rd period - Shot Blocked by Jake Evans.
16:03 of 3rd period - Wrist shot by Thomas Spelling.
16:03 of 3rd period - Shot Misses the Net.
16:05 of 3rd period - Wrist shot by Thomas Spelling.
16:05 of 3rd period - Deflect By Fredrik Olofsson.
16:05 of 3rd period - Shot Misses the Net.
16:05 of 3rd period - Puck is out of play.
16:06 of 3rd period - Kyle Rau wins face-off versus Dominic Turgeon in Rocket zone.
16:11 of 3rd period - Slapshot by Kyle Rau.
16:11 of 3rd period - Goal by Kyle Rau - Rocket : 2 - Wolves : 5.
16:12 of 3rd period - Kyle Rau wins face-off versus Corey Trivino in neutral zone.
16:15 of 3rd period - Snap shot by Joe Morrow.
16:15 of 3rd period - Shot Blocked by Viktor Loov.
16:17 of 3rd period - Snap shot by Alexandre Grenier.
16:17 of 3rd period - Goal by Alexandre Grenier - Rocket : 2 - Wolves : 6.
16:18 of 3rd period - Corey Trivino wins face-off versus Kyle Rau in neutral zone.
16:26 of 3rd period - Brandon Pirri is hit by Jeffrey Foss and loses puck.
17:14 of 3rd period - Snap shot by Antti Suomela.
17:14 of 3rd period - Shot Misses the Net.
17:16 of 3rd period - Slapshot by Anton Lindholm.
17:16 of 3rd period - Stopped by Igor Shesterkin without a rebound.
17:17 of 3rd period - Kyle Rau wins face-off versus Corey Trivino in Rocket zone.
17:34 of 3rd period - Alexandre Grenier is hit by Viktor Loov and loses puck.
17:58 of 3rd period - Adam Fox is hit by Anton Lindholm.
18:10 of 3rd period - Wrist shot by Brandon Pirri.
18:10 of 3rd period - Shot Misses the Net.
18:12 of 3rd period - Slapshot by Viktor Loov.
18:12 of 3rd period - Shot Blocked by Anton Lindholm.
18:26 of 3rd period - Wrist shot by Mattias Tedenby.
18:26 of 3rd period - Shot Blocked by Jeff Petry.
18:42 of 3rd period - Snap shot by Brandon Pirri.
18:42 of 3rd period - Deflect By Thomas Spelling.
18:42 of 3rd period - Stopped by Laurent Brossoit without a rebound.
18:43 of 3rd period - Kyle Rau wins face-off versus Adrian Kempe in Wolves zone.
19:10 of 3rd period - Dean Kukan is hit by Sebastian Aho and loses puck.
19:15 of 3rd period - Wrist shot by Sebastian Aho.
19:15 of 3rd period - Goal by Sebastian Aho - Rocket : 2 - Wolves : 7.
19:16 of 3rd period - Kyle Rau wins face-off versus Peter Holland in neutral zone.
19:31 of 3rd period - Danton Heinen is hit by Kyle Rau and loses puck.
Goals for this period are 1 for Rocket vs 5 for Wolves.
Shots for this period are 5 for Rocket vs 14 for Wolves.
Output by the SimonT Hockey Simulator (STHS) for Francois Prevost